 Dungeon Crawl Stone Soup version 0.17-a0-1900-g45e8110 (webtiles) character file.

970 derrpe the Destroyer (level 8, -6/41 HPs)
             Began as a Tengu Conjurer on Sept 24, 2015.
             Was an Initiate of Vehumet.
             Splashed by a jelly's acid (10 damage)
             ... on level 7 of the Dungeon.
             The game lasted 00:09:05 (7010 turns).

derrpe the Destroyer (Tengu Conjurer)               Turns: 7010, Time: 00:09:06

Health: -6/41      AC: -2    Str:  9    XL:     8   Next: 16%
Magic:  1/15       EV: 11    Int: 17    God:    Vehumet [......]
Gold:   305        SH:  4    Dex: 15    Spells: 3 memorised, 6 levels left

rFire  . . .     SeeInvis .     e - +0 broad axe
rCold  + . .     Clarity  .     n - +2 leather armour {rC+}
rNeg   . . .     SustAt   .     y - +0 buckler
rPois  .         Gourm    .     (helmet restricted)
rElec  .         Spirit   .     A - +0 cloak
rCorr  .         Warding  .     (no gloves)
rMut   .         Stasis   .     (boots unavailable)
MR     .....                    (no amulet)
Stlth  ++........               (no ring)
                                (no ring)

@: corroded equipment, very slightly contaminated, not resistant to hostile
enchantments, unstealthy
A: beak, talons 3, able to fly 1
a: Fly, Renounce Religion


You were on level 7 of the Dungeon.
You worshipped Vehumet.
Vehumet was noncommittal.
You were hungry.

You visited 2 branches of the dungeon, and saw 8 of its levels.

You collected 305 gold pieces.

Inventory:

Hand weapons
 e - a +0 broad axe (weapon)
 z - a +2 flail of protection
Armour
 n - a +2 leather armour of cold resistance (worn)
 y - a +0 buckler (worn)
 A - a +0 cloak (worn)
Magical devices
 s - a wand of invisibility (8)
Scrolls
 a - 2 scrolls of enchant weapon {unknown}
 d - 3 scrolls of remove curse
 f - a scroll of blinking
 h - a scroll of immolation {unknown}
 i - a scroll of teleportation {unknown}
 k - 2 scrolls of recharging {unknown}
 l - a scroll of magic mapping {unknown}
 p - 4 scrolls of identify
 q - a scroll of fog {unknown}
 r - a scroll of amnesia {unknown}
 w - a scroll of noise {unknown}
Potions
 g - 7 potions of curing {unknown}
 j - 2 potions of brilliance {unknown}
 m - a potion of flight
 o - 2 potions of agility {unknown}
 t - 4 potions of mutation {unknown}
 u - a potion of degeneration {unknown}
 x - a potion of berserk rage {unknown}
 B - a potion of cure mutation {unknown}
Books
 b - a book of Conjurations

   Spells                             Type                      Level
   a - Magic Dart                     Conjuration                  1
   b - Searing Ray                    Conjuration                  2
   c - Dazzling Spray                 Conjuration/Hexes            3
   d - Fulminant Prism                Conjuration/Hexes            4
   e - Iskenderun's Mystic Blast      Conjuration                  4
   f - Iskenderun's Battlesphere      Conjuration/Charms           5
Comestibles
 c - 5 bread rations {@e1}
 v - 3 fruits


   Skills:
 - Level 2.1 Dodging
 - Level 2.0 Stealth
 + Level 1.3 Shields
 + Level 4.2 Spellcasting
 * Level 10.0 Conjurations
 * Level 3.4 Charms


You had 6 spell levels left.
You knew the following spells:

 Your Spells              Type           Power        Failure   Level  Hunger
a - Magic Dart            Conj           ####         1%          1    None
b - Dazzling Spray        Conj/Hex       ###.....     12%         3    ###....
c - Iskenderun's Battles  Conj/Chrm      ####....     63%         5    ######.


Dungeon Overview and Level Annotations

Branches:
Dungeon (7/15)             Temple (1/1) D:7

Altars:
Ashenzari
Cheibriados
Dithmenos
Elyvilon
Fedhas
Gozag
Kikubaaqudgha
Makhleb
Nemelex Xobeh
Okawaru
Qazlal
Ru
Sif Muna
Trog
Vehumet
Xom
Yredelemnul
Zin
The Shining One


Innate Abilities, Weirdness & Mutations

You have a beak for a mouth.
You have claws for feet.
You can fly.


Message History

Your peck misses the jelly.
The jelly is severely wounded.
The jelly barely misses you. You block the jelly's attack.
You see here 4 arrows.
You hear a distant slurping noise.
Casting: Magic Dart
Confirm with . or Enter, or press ? or * to list all spells.
Aiming: Magic Dart
Press: ? - help, Shift-Dir - straight line, f/p - jelly
Aim: a jelly (severely wounded)
The magic dart hits the jelly.
The jelly is severely wounded.
You hit the jelly.
Your hands burn!
* * * LOW HITPOINT WARNING * * *
You claw the jelly.
The jelly is severely wounded.
The jelly hits you.
* * * LOW HITPOINT WARNING * * *
You are splashed with acid!
The acid burns!
You die...

#................
####+###...........#....
.......#...........#....
.......#.########.##+###
#........................
+........................
#........................
........................
##.####@................
#.....J.......###.#.....
..#.....#...........###+##
........#.......#.........
.##.....#.......#.........
#.....#.......# ..##....
.....)..#.......# #....
.##.....#.......# ##.##
#............. ...


You could see a jelly.

Vanquished Creatures
  A phantom (D:4)
  A centaur (D:7)
  2 ogres (D:6)
  A giant frog (D:6)
  3 scorpions
  3 jellies
  Ijyb (D:2)
  An orc priest (D:4)
  Jessica (D:2)
  10 adders
  A shadow imp (D:6)
  2 oozes
  A worm (D:3)
  An adder skeleton (D:6)
  4 giant geckos
  7 orcs
  4 giant cockroaches
  8 hobgoblins
  5 jackals
  5 quokkas
  11 bats
  A giant gecko skeleton (D:7)
  A giant gecko zombie (D:6)
  3 giant newts
  12 goblins
  2 kobolds
  12 rats
104 creatures vanquished.

Notes
Turn   | Place    | Note
--------------------------------------------------------------
     0 | D:1      | derrpe the Tengu Conjurer began the quest for the Orb.
     0 | D:1      | Reached XP level 1. HP: 10/10 MP: 4/4
   379 | D:1      | Reached XP level 2. HP: 12/15 MP: 0/6
   552 | D:1      | Reached skill level 6 in Conjurations
  1162 | D:1      | Found an iron altar of Okawaru.
  1501 | D:2      | Reached XP level 3. HP: 17/19 MP: 1/7
  1638 | D:2      | Found a burning altar of Makhleb.
  2068 | D:2      | Reached XP level 4. HP: 24/24 MP: 3/8
  2132 | D:2      | Noticed Ijyb
  2203 | D:2      | Killed Ijyb
  2203 | D:2      | Reached skill level 7 in Conjurations
  2227 | D:2      | Learned a level 3 spell: Dazzling Spray
  2654 | D:2      | Noticed Jessica
  2657 | D:2      | Killed Jessica
  2657 | D:2      | Gained mutation: You can fly. [Tengu growth]
  2657 | D:2      | Reached XP level 5. HP: 28/28 MP: 6/10
  3169 | D:3      | Reached skill level 8 in Conjurations
  4259 | D:4      | Learned a level 5 spell: Iskenderun's Battlesphere
  4285 | D:4      | Noticed a phantom
  4327 | D:4      | Reached XP level 6. HP: 30/32 MP: 5/11
  4499 | D:4      | Reached skill level 1 in Charms
  5016 | D:4      | Killed a phantom
  5290 | D:5      | Entered Level 5 of the Dungeon
  5328 | D:5      | Reached skill level 9 in Conjurations
  5328 | D:5      | Reached XP level 7. HP: 36/36 MP: 6/13
  5405 | D:5      | You fall through a shaft!
  6753 | D:7      | Found a staircase to the Ecumenical Temple.
  6770 | D:7      | Reached skill level 1 in Shields
  6791 | Temple   | Entered the Ecumenical Temple
  6876 | Temple   | Became a worshipper of Vehumet
  6920 | D:7      | Reached XP level 8. HP: 41/41 MP: 6/15
  6995 | D:7      | Reached skill level 10 in Conjurations
  7010 | D:7      | Splashed by a jelly's acid

Vault maps used:
D:1:      dpeg_arrival_more_subterranean_lakeside_camping,
          okawaru_ov_weapons_minmay
D:2:      forest_paths, old_standard_altar, uniq_jessica, uniq_iyjb
D:4:      first_bread
D:5:      serial_shops, kennysheep_mini_moat, minmay_item_behind_shaft,
          sigmund_edmund_badplayer
D:6:      grunt_decor_fettered
D:7:      minmay_temple_entry_hall
Temple:   grunt_wide_crystal_templ_18

Action                   |  1- 3 |  4- 6 |  7- 9 || total
-------------------------+-------+-------+-------++-------
Melee: Dagger            |     9 |     3 |       ||    12
       Unarmed           |       |     9 |       ||     9
       Broad axe         |       |       |     7 ||     7
 Cast: Magic Dart        |    71 |   145 |    66 ||   282
       Dazzling Spray    |       |     4 |     7 ||    11
  Use: Scroll            |       |     4 |       ||     4
 Stab: Sleeping          |       |       |     1 ||     1
  Eat: Chunk             |     4 |    11 |     4 ||    19
       Fruit             |       |       |     1 ||     1
